 Dungeon Crawl Stone Soup version 0.30.1-11-g7821555f0a (webtiles) character file.

Game seed: 9353172082053333544

9668 Martska the Fighter (level 11, -3/89 HPs)
             Began as a Demonspawn Fighter on Dec 14, 2023.
             Was a Priest of Makhleb.
             Slain by a four-headed hydra (7 damage)
             ... while petrified by a catoblepas
             ... on level 1 of the Lair of Beasts.
             The game lasted 00:13:58 (7815 turns).

Martska the Fighter (Demonspawn Fighter)            Turns: 7815, Time: 00:13:58

Health: -3/89      AC: 14    Str: 17    XL:     11   Next: 26%
Magic:  15/15      EV:  2    Int:  9    God:    Makhleb [***...]
Gold:   659        SH:  0    Dex: 21    Spells: 8/10 levels left

rFire   . . .        o - +8 demon blade "Leech" {evervamp, Harm Drain rN+}
rCold   . . .        c - +0 buckler
rNeg    + + +        H - +0 steam dragon scales
rPois   ∞            r - +2 helmet
rElec   .            y - +2 cloak
rCorr   .            (no gloves)
SInv    .            m - +0 pair of boots
Will    .....        J - amulet of reflection
Stlth   +++          G - ring of protection from cold
HPRegen 0.34/turn    (no ring)
MPRegen 0.28/turn

%: harm (+30% outgoing, +20% incoming), reflection
@: about to teleport, petrified
A: claws 2, repulsion field 2, foul stench 2, magic regeneration, thin skeletal
structure 1, agile 1, cold vulnerability 1
a: Renounce Religion, Minor Destruction, Lesser Servant of Makhleb


You were on level 1 of the Lair of Beasts.
You worshipped Makhleb.
Makhleb was most pleased with you.
You visited 2 branches of the dungeon, and saw 10 of its levels.

You collected 659 gold pieces.

Inventory:

Hand Weapons
 o - the +8 demon blade "Leech" (weapon) {evervamp, Harm Drain rN+}
   (You found it on level 2 of the Dungeon)

   rN:        It protects you from negative energy.
   Drain:     It drains your maximum health when unequipped.
   Harm:      It increases damage dealt and taken.
 F - a +2 dagger of protection
Missiles
 a - 2 throwing nets (quivered)
Armour
 c - a +0 buckler (worn)
 m - a +0 pair of boots (worn)
 r - a +2 helmet (worn)
 y - a +2 cloak (worn)
 H - +0 steam dragon scales (worn)
Jewellery
 k - a ring of protection from cold
 G - a ring of protection from cold (left claw)
 J - an amulet of reflection (around neck)
Wands
 b - a wand of quicksilver (2)
 D - a wand of iceblast (23)
 E - a wand of digging (4)
Scrolls
 e - 3 scrolls of enchant weapon
 f - 2 scrolls of noise
 h - 5 scrolls of magic mapping
 j - 2 scrolls of poison
 l - 7 scrolls of teleportation
 q - a scroll of brand weapon {unknown}
 t - a scroll of enchant armour {unknown}
 v - a scroll of silence {unknown}
 w - a scroll of fear {unknown}
 z - 2 scrolls of fog {unknown}
 B - a scroll of vulnerability {unknown}
 K - a scroll of amnesia {unknown}
Potions
 d - a potion of cancellation {unknown}
 g - 2 potions of degeneration {unknown}
 i - 3 potions of lignification
 n - 3 potions of attraction {unknown}
 p - 7 potions of heal wounds
 s - a potion of berserk rage {unknown}
 u - 2 potions of mutation
 x - a potion of haste {unknown}
 A - 5 potions of curing {unknown}
 C - a potion of flight {unknown}


   Skills:
 * Level 9.2 Fighting
 * Level 7.6 Long Blades
 - Level 1.7 Axes
 + Level 6.2 Armour
 * Level 7.8 Dodging
 + Level 6.2 Shields
 - Level 6.0 Invocations


You had 8 spell levels left.
You knew the following spells:

 Your Spells              Type           Power      Damage    Failure   Level
a - Wereblood             Tmut           0%         N/A       58%         2

Your spell library contained the following spells:

 Spells                   Type           Power      Damage    Failure   Level
 Beastly Appendage        Tmut           0%         N/A       45%         1
 Magic Dart               Conj           0%         1d3       45%         1
 Call Imp                 Summ           0%         N/A       58%         2
 Lesser Beckoning         Tloc           0%         N/A       58%         2
 Gell's Gravitas          Tloc           0%         N/A       83%         3
 Mephitic Cloud           Conj/Pois/Air  0%         N/A       83%         3
 Spider Form              Tmut/Pois      0%         N/A       83%         3
 Teleport Other           Tloc           0%         N/A       83%         3
 Anguish                  Hex/Necr       0%         N/A       99%         4
 Cause Fear               Hex            0%         N/A       99%         4
 Enfeeble                 Hex            0%         N/A       100%        7


Dungeon Overview and Level Annotations

Branches:
Dungeon (8/15)             Temple (0/1) D:7            Lair (2/5) D:8
  Swamp: Lair:2-3    Shoals: Lair:2-3     Snake: Lair:2-3    Spider: Lair:2-3

Altars:
Ashenzari
Cheibriados
Gozag
Makhleb
Qazlal
Ru
Wu Jian

Annotations:
D:7 exclusion: ice statue


Innate Abilities, Weirdness & Mutations

You have very sharp fingernails.
You are surrounded by a moderate repulsion field. (EV +3)
You sometimes emit foul miasma when damaged in melee.
You regenerate magic rapidly.
You have a somewhat thin skeletal structure. (Dex +2, Stealth+)
You are agile. (Dex +4, Str/Int -1)
You are vulnerable to cold. (rC-)


Message History

You can't go up here!
You closely miss the komodo dragon.
The four-headed hydra barely misses you.
The four-headed hydra bites you!
You block the four-headed hydra's attack.
The four-headed hydra barely misses you.
The catoblepas breathes a plume of calcifying dust at you.
The blast of calcifying dust hits you. The komodo dragon misses you.
You barely miss the komodo dragon.
You are engulfed in calcifying dust.
You are slowing down.
The four-headed hydra bites you but does no damage.
The four-headed hydra bites you.
The four-headed hydra barely misses you.
The four-headed hydra bites you!
You emit a cloud of foul miasma!
The catoblepas breathes a plume of calcifying dust at you.
The blast of calcifying dust hits you but does no damage.
The komodo dragon closely misses you.
As you read the scroll of teleportation, it crumbles to dust.
You feel strangely unstable.
You are engulfed in calcifying dust.
Your limbs have turned to stone.
The four-headed hydra is engulfed in dark miasma.
You block the four-headed hydra's attack.
The four-headed hydra bites you. The four-headed hydra bites you!
The four-headed hydra bites you. You block the catoblepas's attack.
The komodo dragon closely misses you.
The four-headed hydra is engulfed in dark miasma.
The four-headed hydra bites you.
* * * LOW HITPOINT WARNING * * *
The four-headed hydra bites you.
* * * LOW HITPOINT WARNING * * *
The four-headed hydra bites you but does no damage.
The four-headed hydra bites you. The catoblepas gores you!!
* * * LOW HITPOINT WARNING * * *
You have turned to stone.
You are engulfed in calcifying dust.
The komodo dragon bites you!
* * * LOW HITPOINT WARNING * * *
The four-headed hydra is engulfed in dark miasma.
The four-headed hydra bites you but does no damage.
The four-headed hydra bites you!
You die...

#### #..# #.### ##..# #.## ###
### ####.#####P#######.# ###
##.#................#
#.##########.....l.............#
#........#.....Y@§§............#
....#.#..........D.............#
...............................#
................#.#.#.#........#
...............................#
................#.#.#.#........#
..........)....................#
#######.###.....#.#.#.#........#
### ####.#...............#


You could see a catoblepas, a four-headed hydra and a komodo dragon.

Vanquished Creatures
  The ghost of vvlvvlvvl the Trooper, a novice DsFi of Kikubaaqudgha (D:7)
  An elephant (Lair:1)
  A torpor snail (Lair:2)
  5 cane toads
  A gargoyle (D:7)
  2 rime drakes (Lair:1)
  A komodo dragon (Lair:1)
  2 trolls
  13 yaks
  A steam dragon (D:5)
  An acid dragon (D:8)
  6 water moccasins
  An orc warrior (D:6)
  3 ice beasts
  3 black bears
  2 wolves (D:8)
  2 ogres (D:5)
  2 phantoms
  3 kobold brigands
  6 bullfrogs
  A gnoll sergeant (D:7)
  2 scorpions (D:6)
  5 killer bees (D:7)
  An electric eel (D:8)
  A howler monkey (D:8)
  7 hounds
  A jelly (D:8)
  A gnoll bouda (D:6)
  An orc priest (D:6)
  6 iguanas
  5 orc wizards
  8 gnolls
  4 adders
  A white imp (D:8)
  An ufetubus (D:4)
  A dart slug (D:5)
  13 orcs
  6 ball pythons
  5 endoplasms
  8 giant cockroaches
  5 goblins
  10 hobgoblins
  33 kobolds
  2 quokkas
  5 bats
  A frilled lizard (D:1)
  7 rats
198 creatures vanquished.

Vanquished Creatures (others)
  An orc (D:5)
1 creature vanquished.

Grand Total: 199 creatures vanquished

Notes
Turn   | Place    | Note
-------+----------+-------------------------------------------
     0 | D:1      | Martska the Demonspawn Fighter began the quest for the Orb.
     0 | D:1      | Reached XP level 1. HP: 18/18 MP: 1/1
   252 | D:1      | Gained mutation: You are surrounded by a mild repulsion
                  | field. (EV +2) [demonic ancestry]
   252 | D:1      | Reached XP level 2. HP: 24/24 MP: 2/2
   336 | D:1      | Reached skill level 1 in Dodging
   519 | D:1      | Gained mutation: You may rarely emit foul miasma when
                  | damaged in melee. [demonic ancestry]
   519 | D:1      | Reached XP level 3. HP: 29/29 MP: 3/3
   642 | D:1      | Learned a level 2 spell: Wereblood
   905 | D:2      | Found the +8 demon blade "Leech" {evervamp, Harm Drain rN+}
  1496 | D:3      | Found a burning altar of Makhleb.
  1510 | D:3      | Became a worshipper of Makhleb the Destroyer
  1593 | D:3      | Found a faded altar of an unknown god.
  1680 | D:3      | Found a faded altar of an unknown god.
  1685 | D:3      | Found a sacrificial altar of Ru.
  2123 | D:4      | Gained mutation: You are surrounded by a moderate repulsion
                  | field. (EV +3) [demonic ancestry]
  2123 | D:4      | Reached XP level 4. HP: 37/37 MP: 4/4
  2135 | D:4      | Noticed a phantom
  2142 | D:4      | Killed a phantom
  2143 | D:4      | Reached skill level 4 in Fighting
  2143 | D:4      | Reached skill level 1 in Long Blades
  2143 | D:4      | Reached skill level 1 in Invocations
  2143 | D:4      | Reached XP level 5. HP: 42/42 MP: 5/5
  2212 | D:4      | Identified the +0 chain mail of the Poles {rF+ rC+ Int-2}
  2580 | D:5      | Entered Level 5 of the Dungeon
  2613 | D:5      | Found a stormy altar of Qazlal.
  2614 | D:5      | Noticed a black bear
  2617 | D:5      | Killed a black bear
  2618 | D:5      | Reached XP level 6. HP: 48/48 MP: 7/7
  2871 | D:5      | Noticed an ice beast
  2872 | D:5      | Noticed a steam dragon
  2879 | D:5      | Killed an ice beast
  2880 | D:5      | Gained mutation: You sometimes emit foul miasma when
                  | damaged in melee. [demonic ancestry]
  2880 | D:5      | Reached XP level 7. HP: 35/55 MP: 8/8
  2884 | D:5      | Killed a steam dragon
  2885 | D:5      | Reached skill level 5 in Fighting
  3044 | D:5      | Found an ornate altar of the Wu Jian Council.
  3626 | D:6      | Gained mutation: You regenerate magic rapidly. [demonic
                  | ancestry]
  3626 | D:6      | Reached XP level 8. HP: 55/63 MP: 10/10
  3683 | D:6      | Reached * piety under Makhleb
  4220 | D:6      | Reached ** piety under Makhleb
  5002 | D:7      | Found a snail-covered altar of Cheibriados.
  5021 | D:7      | Found an opulent altar of Gozag.
  5082 | D:7      | Reached skill level 6 in Fighting
  5084 | D:7      | Noticed a troll
  5097 | D:7      | Killed a troll
  5111 | D:7      | Found a staircase to the Ecumenical Temple.
  5159 | D:7      | Found a broken altar of Ashenzari.
  5182 | D:7      | Found a transporter.
  5187 | D:7      | Noticed an ice statue
  5212 | D:7      | Noticed vvlvvlvvl's ghost (novice DsFi)
  5216 | D:7      | Found a transporter.
  5216 | D:7      | Noticed a gargoyle
  5488 | D:7      | Reached skill level 5 in Dodging
  5488 | D:7      | Gained mutation: You have sharp fingernails. [demonic
                  | ancestry]
  5488 | D:7      | Reached XP level 9. HP: 63/71 MP: 12/12
  5943 | D:7      | Killed a gargoyle
  5947 | D:7      | Reached skill level 5 in Invocations
  5956 | D:7      | Reached skill level 5 in Long Blades
  5978 | D:7      | Killed vvlvvlvvl's ghost
  5979 | D:7      | Reached skill level 7 in Fighting
  6053 | D:8      | Found a staircase to the Lair.
  6056 | D:8      | Reached skill level 5 in Shields
  6058 | D:8      | Noticed a troll
  6060 | D:8      | Reached skill level 5 in Armour
  6085 | D:8      | Killed a troll
  6206 | D:8      | Reached *** piety under Makhleb
  6390 | D:8      | Gained mutation: You have very sharp fingernails. [demonic
                  | ancestry]
  6390 | D:8      | Reached XP level 10. HP: 79/79 MP: 14/14
  6729 | Lair:1   | Entered Level 1 of the Lair of Beasts
  6730 | Lair:1   | Noticed a cane toad
  6743 | Lair:1   | Killed a cane toad
  6757 | Lair:1   | Noticed a cane toad
  6764 | Lair:1   | Killed a cane toad
  6900 | Lair:1   | Reached skill level 8 in Fighting
  6914 | Lair:1   | Noticed an elephant
  6928 | Lair:1   | Killed an elephant
  7051 | Lair:1   | Noticed a cane toad
  7060 | Lair:1   | Killed a cane toad
  7239 | Lair:1   | Noticed a cane toad
  7260 | Lair:1   | Killed a cane toad
  7266 | Lair:1   | Reached XP level 11. HP: 35/87 MP: 15/15
  7497 | Lair:2   | Noticed a four-headed hydra
  7511 | Lair:1   | Reached skill level 9 in Fighting
  7767 | Lair:2   | Noticed a catoblepas
  7800 | Lair:1   | Gained mutation: You are vulnerable to cold. (rC-) [potion
                  | of mutation]
  7800 | Lair:1   | Gained mutation: You are agile. (Dex +4, Str/Int -1)
                  | [potion of mutation]
  7800 | Lair:1   | Gained mutation: You have a somewhat thin skeletal
                  | structure. (Dex +2, Stealth+) [potion of mutation]
  7815 | Lair:1   | HP: 4/89 [komodo dragon (6)]
  7815 | Lair:1   | Slain by a four-headed hydra

Illustrated notes

Levels and vault maps discovered:
D:1:      dpeg_arrival_long_road, layout_loops_ring
D:2:      layout_loops_cross, kennysheep_path_1, minmay_misc_feat_pillars,
          skrybe_limestone_x
D:3:      layout_basic, old_standard_altar, nicolae_overflow_ecumenical_swirl,
          nicolae_ecumenical_lake_church, minmay_misc_feat_secret_circle,
          chequers_serial_rivers_marsh
D:4:      layout_basic, hangedman_decor_growths
D:5:      layout_basic, nicolae_qazlal_scattered_showers,
          nicolae_overflow_two_pavilions
D:6:      kennysheep_kobold_camp, layout_basic
D:7:      layout_gridville, cheibriados_altar_1, mainiacjoe_overflow_brackets,
          mainiacjoe_overflow_divided_tiny, minmay_temple_entry_slanted,
          nzn_ghost_randoct
D:8:      layout_rooms, erik_lair_island, columned_hall_lemuel,
          nicolae_wand_duel
Lair:1:   layout_hall_layers, st_stairs_12, chequers_serial_rivers_marsh,
          serial_bayou_shore_b
Lair:2:   layout_misc_corridors, dummy_snake_entry, serial_bayou_pond_d,
          serial_bayou_shore_b

Skill      XL: |  1  2  3  4  5  6  7  8  9 10 11 |
---------------+----------------------------------+-----
Dodging        | 1 2 3 5 6 7 |  7.8
Armour         | 3 4 5 6 |  6.2
Shields        | 3 4 5 6 |  6.2
Fighting       | 4 5 6 7 8 9 |  9.2
Long Blades    | 1 2 3 4 5 7 |  7.6
Invocations    | 1 2 3 4 5 6 |  6.0
Axes           | |  1.7

Action                     |  1- 3 |  4- 6 |  7- 9 | 10-12 || total
---------------------------+-------+-------+-------+-------++-------
  Melee: War axe           |   106 |       |       |       ||   106
         Demon blade       |    31 |    39 |   260 |   152 ||   482
    Use: Potion            |       |     1 |     1 |     1 ||     3
         Scroll            |       |       |       |     8 ||     8
   Stab: Sleeping          |       |       |       |     2 ||     2
         Petrified         |       |       |       |     4 ||     4
 Armour: Scale mail        |    54 |    17 |   151 |       ||   222
         Skin              |       |       |    12 |       ||    12
         Steam dragon scal |       |       |       |    59 ||    59
  Dodge: Dodged            |    77 |    21 |   264 |   162 ||   524
  Block: Buckler           |    28 |    11 |   102 |    61 ||   202
